 Seeded DCSS version 0.31-a0-774-g0d66cbabe8 (webtiles) character file.

Game seed: 6 (custom seed)

23 Psyclone the Stinger (level 3, -5/21 HPs)
             Began as an Octopode Venom Mage on Sept 17, 2023.
             Slain by a goblin
             ... wielding a +0 club
             ... led by Robin
              (7 damage)
             ... on level 2 of the Dungeon.
             The game lasted 00:09:02 (796 turns).

Psyclone the Stinger (Octopode Venom Mage)           Turns: 796, Time: 00:09:03

Health: -5/21      AC:  1    Str:  7    XL:     3   Next: 0%
Magic:  1/6        EV: 13    Int: 19    God:
Gold:   33         SH:  0    Dex: 12    Spells: 2/6 levels left

rFire   . . .        a - +0 dagger
rCold   . . .        (no shield)
rNeg    + . .        (helmet restricted)
rPois   .            (no amulet)
rElec   .            c - ring of positive energy
rCorr   .            (no ring)
SInv    .            (no ring)
Will    .....        (no ring)
Stlth   +++          (no ring)
HPRegen 0.23/turn    (no ring)
MPRegen 0.10/turn    (no ring)
                     (no ring)

%: no passive effects
@: no status effects
A: almost no armour, amphibious, 8 rings, camouflage 1, gelatinous body 1,
(nimble swimmer 1), tentacles
a: no special abilities


You were on level 2 of the Dungeon.
You visited 1 branch of the dungeon, and saw 2 of its levels.

You collected 33 gold pieces.

Inventory:

Hand Weapons
 a - a +0 dagger (weapon)
 e - a +3 mace
Missiles
 d - 12 stones
Jewellery
 c - a ring of positive energy (left tentacle)
Potions
 b - 3 potions of magic


   Skills:
 - Level 2.0 Dodging
 - Level 2.8 Stealth
 - Level 2.0 Spellcasting
 - Level 1.1 Transmutations
 + Level 4.7 Poison Magic


You had 2 spell levels left.
You knew the following spells:

 Your Spells              Type           Power      Damage    Failure   Level
a - Poisonous Vapours     Pois/Air       22%        N/A       10%         2
b - Sandblast             Erth           2%         2d4       17%         1
v - Sting                 Tmut/Pois      52%        1d5       4%          1

Your spell library contained the following spells:

 Spells                   Type           Power      Damage    Failure   Level
 Passwall                 Tmut/Erth      3%         N/A       21%         2
 Olgreb's Toxic Radiance  Pois           20%        N/A       24%         4
 Mephitic Cloud           Conj/Pois/Air  7%         N/A       26%         3
 Stone Arrow              Conj/Erth      2%         3d7       45%         3
 Brom's Barrelling Bould  Conj/Erth      1%         2d3       86%         4


Dungeon Overview and Level Annotations

Branches:
Dungeon (2/15) Zot: 11204

Altars:

Annotations:
D:2 Robin


Innate Abilities, Weirdness & Mutations

You cannot wear most types of armour.
You are amphibious.
You can wear up to eight rings at the same time.
Your skin changes colour to match your surroundings (Stealth+).
Your rubbery body absorbs attacks. (AC +1, EV +1)
((You are camouflaged when in or above water. (Stealth+)))
You have tentacles for arms and can constrict up to eight enemies at once.


Message History

Poisonous vapours surround Robin!
Robin looks even sicker.
Robin says, "We wiped out the hill dwarves - you're next!"
You now have 0/6 mp.
Robin hits you from afar with a +0 spear.
You take 5 damage, and have 16/21 hp.
MASSIVE DAMAGE!!
Robin roars a battlecry!
The goblin shouts!
You hear a shout! x2
You hit Robin but do no damage. Your grab misses Robin.
You squeeze Robin, but do no damage.
Robin is moderately wounded.
You hear a shout!
Robin throws the goblin at you!
You hit Robin. You grab Robin.
Robin is moderately wounded.
You constrict Robin, but do no damage. The goblin hits you with a +0 club!
Robin misses you.
You take 7 damage, and have 10/21 hp.
MASSIVE DAMAGE!!
You hit Robin but do no damage.
Robin is moderately wounded.
You constrict Robin. The goblin misses you. Robin throws the goblin at you!
You hit Robin.
Robin is heavily wounded.
You constrict Robin. The goblin barely misses you. x2
Robin hits you with a +0 spear.
* * * LOW HITPOINT WARNING * * *
You take 5 damage, and have 5/21 hp.
MASSIVE DAMAGE!!
You hit Robin but do no damage. You squeeze Robin.
Robin is severely wounded.
You constrict Robin. Robin barely misses you. The goblin closely misses you.
The goblin hits you with a +0 club.
* * * LOW HITPOINT WARNING * * *
Your magical contamination has completely faded away.
You take 4 damage, and have 1/21 hp.
You are too injured to fight recklessly!
You are too injured to fight recklessly!
Okay, then.
You hit Robin.
Robin is almost dead.
You constrict Robin, but do no damage. The goblin hits you with a +0 club!
You die...

. #.## #. #..#
######## ..
#.###......#
..#.##..........#
#...>...........#
.####g.........#
###..##<.....#
#.g..##......# #
###@##.##......#
##.#.gg##.####.####
#....###..# #..
#....#.## .## #..#
#.##... . .... #...
.# ..... #..## #.#
..


You could see Robin (poisoned) and 3 goblins.

Vanquished Creatures
  An endoplasm (D:1)
  A giant cockroach (D:1)
  6 goblins
  2 hobgoblins
  A quokka (D:1)
  4 ball pythons (D:1)
  2 bats (D:1)
  2 kobolds (D:1)
  A rat (D:2)
20 creatures vanquished.

Notes
Turn   | Place    | Note
-------+----------+-------------------------------------------
     0 | D:1      | Psyclone the Octopode Venom Mage began the quest for the
                  | Orb.
     0 | D:1      | Reached XP level 1. HP: 11/11 MP: 3/3
   181 | D:1      | Reached skill level 4 in Poison Magic
   181 | D:1      | Reached XP level 2. HP: 13/17 MP: 5/5
   209 | D:1      | Learned a level 2 spell: Poisonous Vapours
   211 | D:1      | Learned a level 1 spell: Sandblast
   643 | D:2      | Noticed Robin
   748 | D:2      | Reached XP level 3. HP: 18/21 MP: 3/6
   795 | D:2      | HP: 1/21 [goblin/+0 club[Robin] (4)]
   796 | D:2      | Slain by a goblin

Illustrated notes

Levels and vault maps discovered:
D:1:      denvon_arrival_planthouse, layout_basic
D:2:      layout_rooms, uniq_sigmund, uniq_robin

Skill      XL: |  1 |
---------------+----+-----
Poison Magic   | 4 |  4.7
Dodging        | |  2.0
Stealth        | |  2.8
Spellcasting   | |  2.0
Transmutations | |  1.1

Action                     || total
---------------------------++-------
  Melee: Dagger            ||    28
         Unarmed           ||     4
         Constrict         ||     9
         Tentacles         ||     7
   Cast: Sting             ||     3
         Poisonous Vapours ||    11
   Stab: Sleeping          ||     3
 Armour: Skin              ||    17
  Dodge: Dodged            ||    26

Table legend: (Time is in decaauts)
 A = Elapsed time spent in this place.
 B = Non-inter-level travel time spent in this place.
 C = Inter-level travel time spent in this place.
 D = Time resting spent in this place.
 E = Time spent auto-exploring this place.
 F = Levels seen in this place.
 G = Mean time per level.
                   A        B        C        D        E       F      G
               +--------+--------+--------+--------+--------+-----+--------+
         Total |    795 |    774 |     21 |     50 |    559 |   2 |  397.5 |
       Dungeon |    795 |    774 |     21 |     50 |    559 |   2 |  397.5 |
               +--------+--------+--------+--------+--------+-----+--------+

Top non-repeatable levels by time:
     D:1: 732 daAuts
     D:2: 62 daAuts
